 Dungeon Crawl Stone Soup version 0.28-a0-1143-gcf6077d4cc (webtiles) character file.

Game seed: 14403695924341206806

0 spaghetti the Sneak (level 1, -6/20 HPs)
             Began as a Djinni Delver on Dec 14, 2021.
             Shot with an arrow by a centaur (7 damage)
             ... on level 8 of the Dungeon.
             The game lasted 00:01:00 (137 turns).

spaghetti the Sneak (Djinni Delver)                  Turns: 137, Time: 00:01:01

Health: -6/20      AC:  3    Str: 11    XL:     1   Next: 0%
Gold:   16         EV: 12    Int: 11    God:
                   SH:  0    Dex: 14

rFire   + + .      SeeInvis .     - Unarmed
rCold   x . .      Faith    .   (no shield)
rNeg    . . .      Spirit   .   a - +0 leather armour
rPois   ∞          Reflect  .   (no helmet)
rElec   .          Harm     .   (no cloak)
rCorr   .          Rampage  .   (no gloves)
Will    .....                   (boots unavailable)
Stlth   ++........              (no amulet)
HPRegen 0.06/turn               (no ring)
MPRegen 0.00/turn               (no ring)

@: flying
A: sickness immunity, fire resistance 2, cold vulnerability 1, float, innate
caster, hp casting, extra vitality 1
a: no special abilities


You were on level 8 of the Dungeon.
You visited 2 branches of the dungeon, and saw 5 of its levels.

You collected 16 gold pieces.


Innate Abilities, Weirdness & Mutations

You are immune to sickness and miasma.
You are immune to poison.
Your flesh is very heat resistant. (rF++)
You are vulnerable to cold. (rC-)
You float through the air rather than walking.
You learn spells naturally, not from books.
Your magical power is your life essence.
You have superior vitality. (+4 HP)


   Skills:
 - Level 3.0 Fighting
 - Level 2.1 Dodging
 + Level 4.1 Stealth
 - Level 2.0 Unarmed Combat


You couldn't memorise any spells.
You didn't know any spells.
Your spell library was empty.

Inventory:

Hand Weapons
 d - a +0 shortbow {bow}
   (You found it on level 1 of the Lair of Beasts)
Armour
 a - a +0 leather armour (worn)
Wands
 f - a wand of digging (3)
Scrolls
 b - a scroll of fog
 c - a scroll of magic mapping {!r}
Potions
 e - a potion of haste {@q3}

Dungeon Overview and Level Annotations

Branches:
Dungeon (8/15)               Lair (1/6) D:8
 Temple: D:4-7

Altars:

Annotations:
Lair:1 exclusion: komodo dragon

>.(.?..PP........
#......P..P.....
##..P....♣.......
...PY....)...P...
#.PPS.PPP...... ..
#♣......P......P
...?#P.SYPz.P.......
.......P.P.Y>...♣..
.....♣@.YYlS.P....P
.... ♣.PlP.P......P
z ...P..P..P.P...P.
....S.?.........P#
..S......♣........
...z.c..P..P....##
........P....####
........###...#


You could see 5 yaks, a basilisk, 5 water moccasins, a wyvern, a centaur and 2
wights.


Message History

You take 3 damage, and now have 16/20 hp.
Okay, then.
Okay, then.
Okay, then.
Found 13 gold pieces.
Found an escape hatch in the floor.
There is an escape hatch in the floor here.
The phantom closely misses you.
You fly downwards.
The hatch slams shut behind you.
The yak bellows!
The water moccasin hisses angrily.
The yak bellows! x2
The water moccasin hisses angrily.
You hear an angry hiss.
The basilisk hisses angrily.
The water moccasin hisses angrily.
The yak bellows!
You hear a shout!
The water moccasin hisses angrily.
Found five items.
Found a staircase to the Lair and a stone staircase leading down.
Unknown command.
Unknown command.
Unknown command.
The wyvern hisses angrily.
The yak snorts and paws the ground.
You hit the wyvern but do no damage. The wyvern closely misses you.
A water moccasin comes into view.
The water moccasin bites the plant.
The plant begins to die.
You can't go down here!
Unknown command.
As you read the scroll of fear, it crumbles to dust.
You assume a fearsome visage.
The yak looks frightened!
The water moccasin looks frightened!
The yak looks frightened! x2
The wyvern looks frightened!
The yak looks frightened!
The water moccasin looks frightened! x3; The basilisk looks frightened!
The yak looks frightened!
The water moccasin looks frightened!
The yak looks frightened!
The wight is unaffected.
A killer bee zombie comes into view.
The killer bee zombie moves out of view.
Unknown command.
Unknown command.
Unknown command.
There is a staircase to the Lair here. 😕 HP[+1]
You fly downwards.
Welcome to the Lair of Beasts!
There is a staircase back to the Dungeon here.
Unknown command.
Unknown command.
Unknown command.
Unknown command.
Okay, then.
d - a +0 shortbow {bow} 😎 HP[+3]
Your hp is fully restored (20).
d - a +0 shortbow (weapon)
{bow} Unknown command.
Unknown command.
You are now empty-handed.
Unknown command.
Unknown command.
A komodo dragon comes into view.
Okay, then.
Unknown command.
Press: ? - help, v - describe, . - travel
Here: a komodo dragon (asleep)
The floor.
Placed new exclusion.
Unknown command.
Partly explored, can't reach some places.
Partly explored, can't reach some places.
(D) Dungeon (L) Lair
Where to? (? - help)
There is a staircase back to the Dungeon here.
You fly upwards.
The yak gores you but does no damage.
There is a staircase to the Lair here.
Unknown command.
Unknown command.
Unknown command.
Okay, then.
A wight comes into view. It is wielding a +0 battleaxe.
The water moccasin bites the plant!
The plant begins to die.
The wyvern bites the plant!
The plant begins to die.
The basilisk bites you!
Ouch! That really hurt!
* * * LOW HITPOINT WARNING * * *
😱 HP[-16]
You take 16 damage, and now have 4/20 hp.
MASSIVE DAMAGE!! (PAUSE) Unknown command.
Okay, then.
Okay, then.
Okay, then.
A wight comes into view. It is wielding a +5 dagger.
The water moccasin bites the plant.
The plant begins to die.
A centaur comes into view.
The wyvern bites the plant!
The basilisk bites you.
* * * LOW HITPOINT WARNING * * *
The wight closely misses you.
The wight moves out of view. 😱 HP[-3]
You take 3 damage, and now have 1/20 hp.
The water moccasin bites the fungus.
The fungus begins to die.
The basilisk gazes at you.
You struggle to resist.
The wight misses you.
The centaur wields a +0 shortbow.
The centaur shoots an arrow.
The arrow hits you!
You die...

Action                   || total
-------------------------++-------
Melee: Unarmed           ||     1
  Use: Scroll            ||     1
       Potion            ||     1
Armor: Leather armour    ||     1
Dodge: Dodged            ||    10

Levels and vault maps discovered:
D:5:      layout_cave_pods, uniq_prince_ribbit1, uniq_sigmund
D:6:      layout_rooms
D:7:      layout_loops_ring, chequers_serial_rivers_micro_e,
          minmay_strange_pillars
D:8:      layout_rooms, minmay_lair_entry_grove, serial_shops,
          nicolae_shop_trees, minmay_misc_feat_four_crosses, uniq_psyche
Lair:1:   layout_cave_pods, grunt_megastairs_5

Notes
Turn   | Place    | Note
-------+----------+-------------------------------------------
     0 | D:5      | spaghetti the Djinni Delver began the quest for the Orb.
     0 | D:5      | Reached XP level 1. HP: 20/20 MP: 0/0
     0 | D:5      | magus.rc [v1.9.6]
    21 | D:6      | Noticed a sky beast
    27 | D:6      | Noticed a phantom
    45 | D:8      | Noticed a yak
    45 | D:8      | Noticed a water moccasin
    45 | D:8      | Noticed a yak
    45 | D:8      | Noticed a yak
    45 | D:8      | Noticed a wyvern
    45 | D:8      | Noticed a yak
    45 | D:8      | Noticed a water moccasin
    45 | D:8      | Noticed a water moccasin
    45 | D:8      | Noticed a basilisk
    45 | D:8      | Noticed a yak
    45 | D:8      | Noticed a water moccasin
    45 | D:8      | Noticed a yak
    45 | D:8      | Noticed a wight
    45 | D:8      | Found a staircase to the Lair.
    47 | D:8      | Noticed a water moccasin
    51 | Lair:1   | Entered Level 1 of the Lair of Beasts
   119 | Lair:1   | Noticed a komodo dragon
   134 | D:8      | Noticed a wight
   134 | D:8      | HP: 4/20 [basilisk (16)]
   135 | D:8      | Noticed a wight
   135 | D:8      | Noticed a centaur
   135 | D:8      | HP: 1/20 [basilisk (3)]
   137 | D:8      | Shot with an arrow by a centaur

Vanquished Creatures (others)
  A plant (D:8)
1 creature vanquished.

Table legend:
 A = Non-vault XP
 B = Vault XP
 C = Vault XP percentage of total XP
 D = Non-vault monster count
 E = Vault monster count
 F = Vault count percentage of total count
                 A         B        C        D         E       F
            +---------+---------+-------+---------+---------+-------
      Total |       0 |       0 |   N/A |       0 |       0 |  -nan
            +---------+---------+-------+---------+---------+-------
            +---------+---------+-------+---------+---------+-------

Illustrated notes

Table legend: (Time is in decaauts)
 A = Elapsed time spent in this place.
 B = Non-inter-level travel time spent in this place.
 C = Inter-level travel time spent in this place.
 D = Time resting spent in this place.
 E = Time spent auto-exploring this place.
 F = Levels seen in this place.
 G = Mean time per level.
                   A        B        C        D        E       F      G
               +--------+--------+--------+--------+--------+-----+--------+
         Total |    136 |    132 |      4 |      0 |     81 |   5 |   27.2 |
       Dungeon |     56 |     56 |      0 |      0 |     10 |   4 |   14.0 |
          Lair |     79 |     75 |      4 |      0 |     71 |   1 |   79.0 |
               +--------+--------+--------+--------+--------+-----+--------+

Top non-repeatable levels by time:
  Lair:1: 79 daAuts
     D:5: 25 daAuts
     D:7: 14 daAuts
     D:8: 11 daAuts
     D:6: 5 daAuts
